AoeStats
← JJ

Arabia

507140176Analyzed
3v3 RM · 14d ago on Sep 16, 2026· 59m 28s· 6 players
Game mode
Random Map
Map size
Normal (6 player)
Population
200
Speed
Normal
Resources
Standard
Victory
Conquest
Starting age
Dark Age
Ending age
Imperial Age
RankedLock teamsTeams togetherTeam positionsShared explorationLock speedFull tech treeHidden civsTurbo modeCheats
Victory
Defeat
🇬🇧 Romans · United Kingdom
906
+12
🇪🇸 Ethiopians · Spain
873
+13
🇵🇱 Franks · Poland
836
+15
🇬🇧 Lithuanians · United Kingdom
861
-15
🇬🇧 Khmer · United Kingdom
814
-14
🇬🇧 Burgundians · United Kingdom
781
-31
CorpOSK
3:49 Loom
14:23 Feudal Age
16:17 Double-Bit Axe
20:45 Castle Age
19:46 Horse Collar
22:56 Wheelbarrow
24:11 Bow Saw
27:44 Pikeman
32:06 Ballistas
32:08 Scale Mail Armor
32:18 Forging
34:00 Bloodlines
33:51 Husbandry
37:19 Imperial Age
35:09 Fletching
35:26 Scale Barding Armor
36:57 Iron Casting
36:38 Chain Mail Armor
36:44 Chain Barding Armor
37:23 Hand Cart
36:53 Town Watch
37:42 Ballistics
37:25 Heavy Scorpion
37:31 Man-at-Arms
38:12 Squires
38:01 Halberdier
40:17 Blast Furnace
39:52 Plate Barding Armor
38:43 Capped Ram
41:13 Conscription
40:34 Siege Ram
44:03 Chemistry
45:19 Town Patrol
45:16 Bodkin Arrow
45:22 Padded Archer Armor
47:52 Light Cavalry
49:55 Leather Archer Armor
49:50 Siege Engineers
51:13 Cavalier
54:11 Fortified Wall
54:13 Masonry
kikekalimar
12:16 Feudal Age
13:02 Double-Bit Axe
13:12 Gold Mining
16:08 Horse Collar
16:13 Man-at-Arms
18:45 Stone Mining
20:40 Loom
21:13 Fletching
21:23 Padded Archer Armor
23:39 Castle Age
23:42 Forging
23:33 Scale Mail Armor
23:43 Crossbowman
29:26 Bodkin Arrow
31:07 Thumb Ring
32:36 Iron Casting
32:47 Leather Archer Armor
33:16 Wheelbarrow
33:32 Gold Shaft Mining
33:32 Stone Shaft Mining
36:21 Bow Saw
36:19 Caravan
43:06 Imperial Age
41:05 Ballistics
40:35 Heated Shot
41:24 Royal Heirs
43:19 Hand Cart
43:47 Chain Mail Armor
44:21 Ring Archer Armor
43:52 Bracer
44:12 Arbalester
47:23 Elite Shotel Warrior
52:06 Chemistry
52:57 Blast Furnace
51:58 Halberdier
55:22 Torsion Engines
59:47 Plate Mail Armor
59:23 Scale Barding Armor
Somsiad
11:37 Feudal Age
20:25 Castle Age
19:10 Double-Bit Axe
19:21 Gold Mining
21:44 Husbandry
21:56 Bow Saw
22:28 Gold Shaft Mining
21:45 Stone Mining
24:39 Scale Barding Armor
24:44 Forging
25:59 Murder Holes
27:44 Ballistics
27:34 Masonry
32:43 Imperial Age
30:53 Wheelbarrow
30:03 Town Watch
31:22 Chain Barding Armor
31:03 Scale Mail Armor
31:06 Padded Archer Armor
34:28 Chemistry
33:59 Architecture
34:13 Plate Barding Armor
34:14 Iron Casting
33:30 Fletching
35:21 Conscription
35:40 Hoardings
35:23 Cavalier
37:29 Hand Cart
37:15 Town Patrol
39:40 Chivalry
40:12 Leather Archer Armor
39:52 Bodkin Arrow
40:13 Chain Mail Armor
40:58 Blast Furnace
43:04 Light Cavalry
46:29 Pikeman
47:38 Squires
47:26 Gambesons
47:29 Arson
48:00 Halberdier
53:14 Plate Mail Armor
Weevil
7:36 Loom
9:48 Feudal Age
11:17 Double-Bit Axe
11:51 Bloodlines
19:12 Bloodlines
22:17 Castle Age
26:06 Bloodlines
30:20 Forging
30:16 Scale Barding Armor
34:49 Chain Barding Armor
35:05 Iron Casting
36:04 Redemption
38:56 Imperial Age
37:45 Husbandry
39:58 Hill Forts
40:34 Gold Mining
42:39 Plate Barding Armor
42:05 Cavalier
46:20 Scale Mail Armor
46:12 Pikeman
46:25 Onager
48:50 Stone Mining
50:30 Paladin
52:31 Bow Saw
56:33 Chemistry
55:53 Ballistics
55:07 Halberdier
55:08 Man-at-Arms
56:39 Elite Skirmisher
57:27 Thumb Ring
59:28 Two-Man Saw
JJ
11:16 Feudal Age
18:50 Castle Age
17:02 Horse Collar
19:49 Double-Bit Axe
24:48 Scale Barding Armor
24:55 Forging
24:57 Heavy Plow
29:44 Crop Rotation
30:40 Chain Barding Armor
37:51 Imperial Age
40:37 Murder Holes
42:39 Ballistics
42:59 Iron Casting
42:32 Gold Mining
42:32 Stone Mining
45:04 Elite Coustillier
46:23 Hoardings
48:42 Plate Barding Armor
49:07 Blast Furnace
48:21 Onager
48:46 Pikeman
49:28 Squires
50:15 Elite Skirmisher
54:24 Scale Mail Armor
54:24 Padded Archer Armor
54:14 Fletching
Farmer Iain
3:28 Loom
11:17 Feudal Age
11:45 Horse Collar
14:55 Double-Bit Axe
15:03 Gold Mining
20:25 Wheelbarrow
23:25 Castle Age
23:54 Crossbowman
24:26 Fletching
26:06 Gold Shaft Mining
25:59 Bodkin Arrow
27:58 Padded Archer Armor
28:48 Hand Cart
28:57 Hand Cart
28:27 Town Watch
30:58 Stone Mining
36:10 Imperial Age
37:24 Bracer
36:51 Arbalester
37:56 Bloodlines
37:46 Husbandry
38:28 Conscription
43:22 Scale Barding Armor
43:28 Forging
43:35 Leather Archer Armor
45:24 Tusk Swords
45:54 Chain Barding Armor
46:10 Iron Casting
48:11 Hoardings
49:40 Plate Barding Armor
50:06 Blast Furnace
50:00 Bow Saw
51:55 Chemistry
51:16 Ballistics
50:30 Elite Battle Elephant
50:45 Onager
Connection lost

Rejoining the realm…

Still unreachable

The connection could not be restored.

Session expired

The server has moved on; the page needs a fresh start.